 Dungeon Crawl Stone Soup version 0.27.1-2-g3b301248ec (webtiles) character file.

Game seed: 16910927436327030647

202 Descartes the Magician (level 5, -9/27 (29) HPs)
             Began as a Deep Elf Wanderer on Sept 24, 2021.
             Mangled by a wight (14 damage)
             ... on level 4 of the Dungeon.
             The game lasted 00:10:18 (4915 turns).

Descartes the Magician (Deep Elf Wanderer)          Turns: 4915, Time: 00:10:18

HP:   -9/27 (29)    AC:  2    Str:  8    XL:     5   Next: 50%
MP:   14/14         EV: 12    Int: 23    God:
Gold: 180           SH:  0    Dex: 13    Spells: 10/14 levels left

rFire    + + .     SeeInvis .   b - +1 quarterstaff of Muhuh {elec, rF++ Int+3}
rCold    . . .     Faith    .   (shield currently unavailable)
rNeg     . . .     Spirit   .   d - +0 robe
rPois    .         Reflect  .   (no helmet)
rElec    .         Harm     .   (no cloak)
rCorr    .         Rampage  .   (no gloves)
Will     .....                  (no boots)
Stlth    ++........             (no amulet)
HPRegen  0.09/turn              (no ring)
MPRegen  0.14/turn              (no ring)

@: drained
A: no striking features
a: no special abilities


You were on level 4 of the Dungeon.
You visited 1 branch of the dungeon, and saw 4 of its levels.

You collected 208 gold pieces.
You spent 28 gold pieces at shops.

Inventory:

Hand Weapons
 a - a +0 shortbow
 b - the +1 quarterstaff of Muhuh (weapon) {elec, rF++ Int+3}
   (You took it off an orc on level 3 of the Dungeon)

   It occasionally discharges a powerful burst of electricity upon striking a
   foe.
   Int:       It affects your intelligence (+3).
   rF:        It greatly protects you from fire.
 i - a +2 dagger of venom
Missiles
 e - 40 stones (quivered)
 f - 11 poisoned darts
 l - 15 sling bullets
 p - 16 arrows
Armour
 d - a +0 robe (worn)
 q - a +4 scale mail
Scrolls
 c - a scroll of fear {unknown}
 g - a scroll of vulnerability {unknown}
 k - a scroll of fog {unknown}
 m - 2 scrolls of identify
 o - 2 scrolls of enchant weapon {unknown}
Potions
 j - 2 potions of haste
 n - a potion of lignification {unknown}


   Skills:
 - Level 1.0 Fighting
 - Level 1.5 Axes
 + Level 3.1 Bows
 - Level 1.0 Throwing
 + Level 2.8 Dodging
 + Level 3.5 Stealth
 - Level 5.0 Spellcasting
 + Level 2.8 Ice Magic
 - Level 1.1 Earth Magic


You had 10 spell levels left.
You knew the following spells:

 Your Spells              Type           Power      Damage    Failure   Level
a - Freeze                Ice            72%        1d9       3%          1
b - Frozen Ramparts       Ice            36%        1d5       9%          3

Your spell library contained the following spells:

 Spells                   Type           Power      Damage    Failure   Level
 Ozocubu's Armour         Ice            18%        N/A       9%          3
 Hailstorm                Conj/Ice       12%        3d5       45%         4


Dungeon Overview and Level Annotations

Branches:
Dungeon (4/15)
 Temple: D:4-7

Altars:
Uskayaw

Shops:
D:3 ::?


Message History

The orc hits you with a +0 hand axe.
You hit the orc.
The orc is severely wounded.
The orc closely misses you.
You closely miss the orc.
The orc is severely wounded.
The orc barely misses you.
You hit the orc.
You kill the orc!
No target in view!
HP restored.
Things that are here:
a +0 hand axe; a +0 ring mail; an orc corpse
There is a stone staircase leading up, spattered with blood here.
p - 11 arrows (gained 1)
You see here a +0 short sword.
p - 13 arrows (gained 2)
p - 14 arrows (gained 1)
p - 15 arrows (gained 1)
p - 16 arrows (gained 1)
You stumble into a teleport trap!
You are suddenly yanked towards some nearby monsters!
Your surroundings suddenly seem different.
A wight comes into view. It is wielding a +0 great sword.
The wight completely misses you.
The wight hits you from afar with a +2 halberd!
The wight barely misses you.
A kobold comes into view. It is wielding a +0 club.
The kobold shouts!
You closely miss the kobold. The kobold barely misses you.
The wight misses you.
You closely miss the kobold. The kobold completely misses you.
The wight hits you from afar with a +2 halberd!
You feel drained.
* * * LOW HITPOINT WARNING * * *
The kobold hits you but does no damage.
You barely miss the kobold.
The wight hits you from afar with a +2 halberd!
Ouch! That really hurt!
You die...

#### ..# #...
.....################.##
......K@.zz...........#
###.##
####.##################
...... ###.#. # # # # #


You could see 2 wights and a kobold.

Vanquished Creatures
  A wight (D:3)
  A hound skeleton (D:4)
  6 adders
  A worm (D:2)
  2 dart slugs (D:3)
  18 orcs
  4 ball pythons
  5 endoplasms
  2 giant cockroaches (D:2)
  8 goblins
  3 hobgoblins (D:3)
  5 quokkas
  A bat (D:3)
  5 frilled lizards
  3 kobolds
  2 rats
67 creatures vanquished.

Notes
Turn   | Place    | Note
-------+----------+-------------------------------------------
     0 | D:1      | Descartes the Deep Elf Wanderer began the quest for the
                  | Orb.
     0 | D:1      | Descartes set off with the following items: a +0 shortbow,
                  | 21 arrows, a +0 hand axe, a +0 robe; and the following
                  | spell memorised: Freeze; and the following spells available
                  | to memorise: Frozen Ramparts, Ozocubu's Armour, Hailstorm
     0 | D:1      | Reached XP level 1. HP: 12/12 MP: 7/7
   410 | D:1      | Reached XP level 2. HP: 12/16 MP: 5/9
   656 | D:1      | Reached skill level 1 in Bows
  1086 | D:2      | Reached skill level 1 in Dodging
  1448 | D:2      | Reached XP level 3. HP: 10/20 MP: 9/11
  1725 | D:2      | Found a faded altar of an unknown god.
  1829 | D:2      | Learned a level 3 spell: Frozen Ramparts
  2118 | D:3      | Found Liloca's Magic Scroll Shoppe.
  2126 | D:3      | Bought a scroll of identify for 28 gold pieces
  2129 | D:3      | Found Peegeyc's Book Emporium.
  2228 | D:3      | Reached XP level 4. HP: 24/25 MP: 7/12
  2278 | D:3      | Reached skill level 5 in Spellcasting
  2374 | D:3      | Found a hide-covered altar of Uskayaw.
  2474 | D:3      | Found Ireimoam's Book Emporium.
  3662 | D:3      | Reached XP level 5. HP: 7/29 MP: 14/14
  4190 | D:4      | Identified the +1 quarterstaff of Muhuh {elec, rF++ Int+3}
  4915 | D:4      | Mangled by a wight

Illustrated notes

Levels and vault maps discovered:
D:1:      roderic_octagonal_star, layout_basic, minmay_hedge_maze
D:2:      layout_rooms, shapermc_ecumenical_altar_hornbeckon,
          kennysheep_cross_room
D:3:      layout_basic, lemuel_crystal_altar, serial_shops,
          nicolae_shop_statue_plus, shop, nicolae_shop_trees
D:4:      layout_loops_ring, evilmike_ruin_ashenzari

Skill      XL: |  1  2  3  4  5 |
---------------+----------------+-----
Bows           | 1 2 3 |  3.1
Dodging        | 1 2 |  2.8
Stealth        | 2 3 |  3.5
Ice Magic      | 2 |  2.8
Spellcasting   | 5 |  5.0
Fighting       | |  1.0
Axes           | |  1.5
Throwing       | |  1.0
Earth Magic    | |  1.1

Action                   |  1- 3 |  4- 6 || total
-------------------------+-------+-------++-------
Melee: Quarterstaff      |       |    13 ||    13
 Fire: Shortbow          |    80 |    94 ||   174
 Cast: Freeze            |    17 |    14 ||    31
       Frozen Ramparts   |     1 |     6 ||     7
  Use: Potion            |       |     3 ||     3
       Scroll            |       |     1 ||     1
Armor: Robe              |     5 |     5 ||    10
Dodge: Dodged            |    13 |    33 ||    46
